 Dungeon Crawl Stone Soup version 0.30-a0-591-g3c58d2bc28 (webtiles) character file.

Game seed: 15557264691036574797

11 whiskeysaurus the Grasshopper (level 2, 0/23 HPs)
             Began as a Barachi Warper on Jan 4, 2023.
             Constricted to death by a ball python (1 damage)
             ... on level 2 of the Dungeon.
             The game lasted 00:00:45 (344 turns).

whiskeysaurus the Grasshopper (Barachi Warper)       Turns: 344, Time: 00:00:46

Health: 0/23       AC:  4    Str: 12    XL:     2   Next: 25%
Magic:  5/5        EV:  8    Int: 13    God:
Gold:   84         SH:  0    Dex: 11    Spells: 5/5 levels left

rFire   . . .      SeeInvis .    a - +0 mace
rCold   . . .      Faith    .    (no shield)
rNeg    . . .      Spirit   .    b - +0 leather armour
rPois   .          Reflect  .    (no helmet)
rElec   .          Harm     .    (no cloak)
rCorr   .          Rampage  .    h - +0 pair of gloves
Will    .....                    (no boots)
Stlth   +                        (no amulet)
HPRegen 0.23/turn                (no ring)
MPRegen 0.09/turn                (no ring)

@: constricted, slow
A: amphibious, slowness 1, strong legs 1, +LOS
a: Hop


You were on level 2 of the Dungeon.
You visited 1 branch of the dungeon, and saw 2 of its levels.

You collected 84 gold pieces.

Inventory:

Hand Weapons
 a - a +0 mace (weapon)
Missiles
 d - 7 boomerangs of dispersal (quivered)
 e - 11 boomerangs
Armour
 b - a +0 leather armour (worn)
 h - a +0 pair of gloves (worn)
Scrolls
 c - a scroll of blinking
 g - a scroll of identify {unknown}
Potions
 f - 2 potions of mutation {unknown}
 i - a potion of resistance {unknown}


   Skills:
 + Level 2.7 Fighting
 + Level 2.3 Maces & Flails
 + Level 1.1 Throwing
 + Level 1.3 Armour
 + Level 2.4 Dodging
 + Level 2.2 Spellcasting
 + Level 3.3 Translocations


You had 5 spell levels left.
You didn't know any spells.
Your spell library contained the following spells:

 Spells                   Type           Power      Damage    Failure   Level
 Blink                    Tloc           20%        N/A       12%         2
 Lesser Beckoning         Tloc           20%        N/A       24%         3
 Teleport Other           Tloc           10%        N/A       24%         3
 Ensorcelled Hibernation  Hex/Ice        2%         N/A       43%         2
 Vhi's Electric Charge    Tloc/Air       10%        N/A       43%         3
 Manifold Assault         Tloc           10%        N/A       61%         4
 Spider Form              Tmut/Pois      1%         N/A       67%         3
 Anguish                  Hex/Necr       0%         N/A       97%         4


Dungeon Overview and Level Annotations

Branches:
Dungeon (2/15)

Altars:


Innate Abilities, Weirdness & Mutations

You are amphibious.
You cover ground slowly.
You can hop short distances.
You have an extended range of vision and can be seen from far away.


Message History

A ball python comes into view.
The ball python hisses angrily.
A goblin comes into view. It is wielding a +0 dagger.
The goblin shouts!
You hear an angry hiss. x2
The ball python attacks as you move away!
The ball python barely misses you. x2
The ball python bites you but does no damage.
The ball python misses you.
There is a stone staircase leading down here.
The ball python bites you. The ball python grabs you.
You stop descending the stairs.
The ball python constricts you.
Unknown command.
You escape the ball python's grasp.
The ball python barely misses you. The ball python grabs you.
You stop descending the stairs.
The ball python constricts you.
You escape the ball python's grasp.
The gnoll hits you but does no damage.
You climb downwards.
Found a ring mail.
There is a stone staircase leading up here.
You are too injured to fight recklessly!
You barely miss the gnoll. The ball python closely misses you.
The ball python grabs you. The ball python constricts you.
The gnoll closely misses you. The ball python bites you.
The ball python constricts you.
You hit the gnoll.
The gnoll is lightly wounded.
The gnoll hits you with a +0 whip. The ball python bites you.
* * * LOW HITPOINT WARNING * * *
The ball python constricts you.
You closely miss the gnoll.
The gnoll is lightly wounded.
The ball python closely misses you. The ball python constricts you.
The gnoll hits you with a +0 whip.
* * * LOW HITPOINT WARNING * * *
The ball python bites you but does no damage.
The ball python constricts you. The gnoll hits you but does no damage.
You barely miss the gnoll.
The gnoll is lightly wounded.
The ball python barely misses you. The ball python constricts you.
You die...

### ..#
#
##.###.#
...[.
#.##..#
#...@S+
#..#.g#
#. #..#
.. #...
## #.#..
#.##..
#.. ...
### #.##
..


You could see a gnoll and a ball python.

Vanquished Creatures
  2 ball pythons (D:1)
  2 goblins (D:1)
  A hobgoblin (D:1)
  2 jackals (D:1)
  A quokka (D:1)
  A kobold (D:1)
9 creatures vanquished.

Vanquished Creatures (others)
  4 plants (D:1)
4 creatures vanquished.

Grand Total: 13 creatures vanquished

Notes
Turn   | Place    | Note
-------+----------+-------------------------------------------
     0 | D:1      | whiskeysaurus the Barachi Warper began the quest for the
                  | Orb.
     0 | D:1      | Reached XP level 1. HP: 17/17 MP: 3/3
    15 | D:1      | Found a faded altar of an unknown god.
   263 | D:1      | Reached XP level 2. HP: 21/23 MP: 5/5
   343 | D:2      | HP: 1/23 [gnoll/+0 whip (5)]
   344 | D:2      | Constricted to death by a ball python

Illustrated notes

Levels and vault maps discovered:
D:1:      nicolae_arrival_washed_ashore, layout_basic,
          hellmonk_ecumenical_altar_lost_god, nicolae_eternal_life,
          hangedman_decor_peaks_small, nicolae_grassy_gnolls
D:2:      layout_basic, basic_altar, minmay_fractal_squares_gapless_5,
          uniq_robin, uniq_crazy_yiuf_cottage, uniq_sigmund

Action                   || total
-------------------------++-------
Melee: Mace              ||    37
       Punch             ||     1
Armor: Leather armour    ||    14
Dodge: Dodged            ||    27

Table legend: (Time is in decaauts)
 A = Elapsed time spent in this place.
 B = Non-inter-level travel time spent in this place.
 C = Inter-level travel time spent in this place.
 D = Time resting spent in this place.
 E = Time spent auto-exploring this place.
 F = Levels seen in this place.
 G = Mean time per level.
                   A        B        C        D        E       F      G
               +--------+--------+--------+--------+--------+-----+--------+
         Total |    408 |    408 |      0 |      0 |    275 |   2 |  204.0 |
       Dungeon |    408 |    408 |      0 |      0 |    275 |   2 |  204.0 |
               +--------+--------+--------+--------+--------+-----+--------+

Top non-repeatable levels by time:
     D:1: 403 daAuts
     D:2: 4 daAuts
